Match 46990354
Unlisted

Match 46990354
End
Construct Section Command Post
Dingo Light Scout Car
Dingo Light Scout Car
Dingo Light Scout Car
Royal Engineer Section
Construct Platoon Command Post
Selects Air and Sea Battlegroup
Selects Supply Surplus
Construct Resource Cache
Unlock M3 Stuart Light Tanks
M3 Stuart Light Tank
Construct Resource Cache
Construct Resource Cache
M3 Stuart Light Tank
Light Vehicle Training
M3 Stuart Light Tank
M3 Stuart Light Tank
Vickers Machine Gun Team
Selects UNKNOWN (223837)
Selects Commando Section Paradrop
M3 Stuart Light Tank
M3 Stuart Light Tank
Selects Commando Support Section Paradrop
Construct Resource Cache
Construct Company Command Post
Foot Guards Section
Foot Guards Section
Foot Guards Section
Jm200092
paavali
Gwokoth
[BxB] Victor
StickyJuice
Rum
D
NotKing
0
0

Comments sign in to comment!

No comments posted yet!